 Dungeon Crawl Stone Soup version 0.31-a0-1591-g515db51633 (webtiles) character file.

Game seed: 6409741896465636460

520586 Pooter the Executioner (level 24, 0/235 HPs)
             Began as a Minotaur Berserker on Jan 4, 2024.
             Was a High Priest of Trog.
             Succumbed to a green draconian's poison gas
             ... on level 4 of the Depths on Jan 7, 2024.
             The game lasted 06:46:52 (85883 turns).

Pooter the Executioner (Minotaur Berserker)        Turns: 85883, Time: 06:46:52

Health: 0/235      AC: 26    Str: 26    XL:     24   Next: 63%
Magic:  7/7        EV: 21    Int:  7    God:    Trog [*****.]
Gold:   3003       SH:  5    Dex: 19    Spells: 23/23 levels left

rFire   + + .        a - +7 battleaxe (antimagic)
rCold   . . .        (shield currently unavailable)
rNeg    + . .        V - +6 fire dragon scales "Fif Joroov" {rF++ rC- Regen+ SInv}
rPois   .            (helmet restricted)
rElec   .            k - scarf {repulsion}
rCorr   .            z - +2 pair of gloves {Stlth+}
SInv    +            r - +2 pair of boots {rampage}
Will    +++..        v - amulet of reflection Stlth *+++++++++
                     A - ring "Ypsuim" {Fly rC+ rN+ Stlth+}
HPRegen 2.39/turn    Y - ring of Shadows {Umbra +Inv Stlth+}
MPRegen 0.10/turn

%: repel missiles, reflection, rampage
@: lethally poisoned (0 -> -73), strong-willed (expiring), flying, regenerating
(expiring), wreathed by umbra
A: horns 2, retaliatory headbutt, talons 1, agile 1, clever 1
}: 2/15 runes: decaying, serpentine
a: Renounce Religion, Evoke Invisibility, Berserk, Trog's Hand, Brothers in Arms


You were on level 4 of the Depths.
You worshipped Trog.
Trog was extremely pleased with you.
You visited 9 branches of the dungeon, and saw 42 of its levels.
You visited the Abyss 1 time.
You also visited: Bailey, Gauntlet, Volcano, Wizlab and Desolation.

You collected 5997 gold pieces.
You spent 2994 gold pieces at shops.

Inventory:

Hand Weapons
 a - a +7 antimagic battleaxe (weapon)
   (Trog gifted it to you on level 4 of the Snake Pit)
 b - a +2 heavy arbalest
   (You found it on level 4 of the Swamp)
 i - a +1 executioner's axe of holy wrath
   (You subdued it on level 2 of the Elven Halls)
 n - a +3 executioner's axe of flaming
   (You acquired it on level 10 of the Dungeon)
Missiles
 x - 6 curare-tipped darts
 E - 16 boomerangs (quivered)
 U - 14 javelins
 X - 3 silver javelins
Armour
 k - a scarf of repulsion (worn)
   (You found it on level 3 of the Elven Halls)
 r - a +2 pair of boots of rampaging (worn)
   (You found it in a volcano)
 u - the +2 pair of slick slippers {slick, slippery, EV+4}
   (You found it in the Desolation of Salt)

   Slick:     Its wearer cannot be constricted, engulfed, netted or webbed.
   Slippery:  Its wearer slips away from damaging melee attacks, pulling the
   attacker onward.
   EV+4:      It affects your evasion (+4).
 z - a +2 pair of gloves of stealth (worn)
   (You found it on level 6 of the Dungeon)
 H - the +4 plate armour "Jeruv" {Int+3 Dex+2}
   (You took it off an orc warrior on level 6 of the Dungeon)

   Int+3:     It affects your intelligence (+3).
   Dex+2:     It affects your dexterity (+2).
 V - the +6 fire dragon scales "Fif Joroov" (worn) {rF++ rC- Regen+ SInv}
   (You took it off a spriggan in a bailey)

   rF++:      It greatly protects you from fire.
   rC-:       It makes you vulnerable to cold.
   SInv:      It lets you see invisible.
   Regen+:    It increases your rate of health regeneration.
 Z - a +8 chain mail of poison resistance
   (You took it off an orc warrior on level 2 of the Orcish Mines)
Jewellery
 h - an amulet of regeneration
   (You took it off a deep elf high priest on level 3 of the Elven Halls)
 v - an amulet of reflection (around neck)
   (You bought it in a shop on level 2 of the Orcish Mines)
 A - the ring "Ypsuim" (left hand) {Fly rC+ rN+ Stlth+}
   (You found it in the Desolation of Salt)

   [ring of protection from cold]

   rC+:       It protects you from cold.
   rN+:       It protects you from negative energy.
   Fly:       It grants you flight.
   Stlth+:    It makes you more stealthy.
 B - the ring "Ajoexzaf" {+Blink Will+ Int-3 Dex+8 Stlth-}
   (You found it on level 3 of the Vaults)

   [ring of willpower]

   Int-3:     It affects your intelligence (-3).
   Dex+8:     It affects your dexterity (+8).
   Will+:     It increases your willpower.
   +Blink:    It lets you blink.
   Stlth-:    It makes you less stealthy.
 F - a ring of protection from fire
   (You bought it in a shop on level 2 of the Orcish Mines)
 I - the ring of Kudaprinuu {rC+ Str+3 Int+4}
   (You found it in the Desolation of Salt)

   [ring of protection from cold]

   Str+3:     It affects your strength (+3).
   Int+4:     It affects your intelligence (+4).
   rC+:       It protects you from cold.
 N - a ring of positive energy
   (You took it off a deep elf blademaster on level 2 of the Elven Halls)
 P - a ring of poison resistance
   (You bought it in a shop on level 3 of the Snake Pit)
 S - a ring of see invisible
   (You found it on level 5 of the Lair of Beasts)
 Y - the ring of Shadows (right hand) {Umbra +Inv Stlth+}
   (You took it off a yaktaur on level 1 of the Vaults)

   [ring of stealth]

   Umbra:     It surrounds you with an aura of shadow, increasing your stealth
   and reducing the accuracy of all others within it.
   +Inv:      It lets you turn invisible.
   Stlth+:    It makes you more stealthy.
Wands
 d - a wand of iceblast (42)
   (You found it on level 8 of the Dungeon)
 f - a wand of flame (77)
   (You took it off an orc wizard on level 8 of the Dungeon)
 C - a wand of light (16)
   (You found it on level 3 of the Snake Pit)
 D - a wand of digging (7)
   (You found it on level 2 of the Lair of Beasts)
 L - a wand of mindburst (41)
   (You took it off a salamander on level 15 of the Dungeon)
 R - a wand of charming (28)
   (You found it on level 8 of the Dungeon)
 T - a wand of polymorph (41)
   (You found it on level 4 of the Dungeon)
Scrolls
 e - 5 scrolls of immolation {!r}
 j - 2 scrolls of brand weapon
 l - 6 scrolls of fog
 m - 9 scrolls of poison {!r}
 o - 11 scrolls of fear
 s - a scroll of silence
 t - 12 scrolls of teleportation {@r4}
 w - a scroll of summoning
 K - a scroll of blinking
 Q - 2 scrolls of revelation
Potions
 c - 6 potions of haste {@q3}
 g - 2 potions of lignification {!q}
 p - 3 potions of heal wounds {@q2}
 q - 9 potions of enlightenment
 G - 3 potions of resistance
 J - a potion of invisibility
 M - 12 potions of curing {@q1}
 O - 4 potions of mutation {!q}
Miscellaneous
 W - a phantom mirror
   (You found it on level 15 of the Dungeon)


   Skills:
 + Level 23.1 Fighting
 - Level 23.4(24.0) Axes
 - Level 9.3(17.8) Polearms
 - Level 18.0 Ranged Weapons
 - Level 11.5 Throwing
 + Level 14.8 Armour
 + Level 17.9 Dodging
 + Level 14.8 Stealth
 - Level 10.8 Evocations


You had 23 spell levels left.
You didn't know any spells.
Your spell library was empty.

Dungeon Overview and Level Annotations

Branches:
Dungeon (15/15) Zot: 19695  Temple (0/1) D:7            Lair (5/5) D:8 Zot: 23388
  Swamp (4/4) Lair:2 Zot: 18312   Snake (4/4) Lair:3 Zot: 7992   Slime (0/5) Lair:4
    Orc (2/2) D:12 Zot: 8231     Elf (3/3) Orc:2 Zot: 9302  Vaults (4/5) D:13 Zot: 14525
  Crypt (0/3) Vaults:2     Depths (4/4) D:15 Zot: 15976    Hell (visited)
 Bailey (visited)         Volcano (visited)          WizLab (visited)
Desolation (visited)      Gauntlet (visited)
    Dis: Hell:1         Geh: Hell:1         Coc: Hell:1         Tar: Hell:1
    Zot: Depths:4

Altars:
Ashenzari
Gozag
Hepliaklqana
Makhleb
Trog
The Shining One
Lugonu

Shops:
D:4 **[   D:13 *   Orc:1 [(!(   Orc:2 =:=(   Elf:2 [*   Elf:3 (   Snake:1 (
Snake:3 :==   Snake:4 [   Vaults:2 !   Vaults:3 :   Depths:1 [?*=*

Portals:
Hell: Lair:5 Depths:1 Depths:2 Depths:3
Abyss: Depths:3
Pandemonium: Depths:2
Ziggurat: Depths:3

Annotations:
D:2 1 runed translucent door, Crazy Yiuf


Innate Abilities, Weirdness & Mutations

You have a pair of horns on your head.
You reflexively headbutt those who attack you in melee.
You have sharp toenails.
You are agile. (Dex +4, Str/Int -1)
Your mind is acute. (Int +4, Str/Dex -1)


Message History

You furiously retaliate!
You headbutt the green draconian. The green draconian misses you.
A vampire knight comes into view. It is wielding a +2 long sword.
You carve the green draconian like a ham!!!
You are engulfed in poison gas.
You are more poisoned.
* * * LOW HITPOINT WARNING * * *
You feel the effects of Trog's Hand fading.
You feel extremely sick.
You hear a deafening roar!
You hit the green draconian.
You are engulfed in poison gas.
You are more poisoned.
* * * LOW HITPOINT WARNING * * *
You feel extremely sick. The green draconian closely misses you.
The green draconian completely misses you.
You barely miss the green draconian. You headbutt the green draconian!
You are engulfed in poison gas.
You are more poisoned.
* * * LOW HITPOINT WARNING * * *
* * * LOW HITPOINT WARNING * * *
You feel extremely sick. You block the green draconian's attack.
The green draconian tail-slaps you.
* * * LOW HITPOINT WARNING * * *
You are more poisoned.
The green draconian poisons you!
The vampire knight casts a spell.
The vampire knight seems to speed up.
You closely miss the green draconian.
* * * LOW HITPOINT WARNING * * *
You feel extremely sick.
Unknown command.
You closely miss the green draconian.
You headbutt the green draconian, but do no damage.
* * * LOW HITPOINT WARNING * * *
You feel extremely sick.
The green draconian breathes poison at you.
The blast of poison misses you.
The vampire knight mumbles some strange words.
The vampire knight flickers and vanishes for a moment.
A wind drake comes into view.
Unknown command.
You slash the green draconian!
Your headbutt misses the green draconian.
You slash the glowing orange brain!
The glowing orange brain's magic leaks into the air.
You are engulfed in poison gas.
You are more poisoned.
* * * LOW HITPOINT WARNING * * *
You die...

....# ...........###..
#.... ...........###..
#....##.##........##.#
#.....#..####...#.####
#..⌠°.#......○#.#.#
#.....#####.°##...#
#..§..○#.)°°°#..###
#...☼°G§###§##.##
#..⌠§@### ..#
#...☼d§☼# ##.#
#.....☼... +.. ##
..........###.. #∩
..V⌠..##### .... #.
k..... .... ## ##....
##...


You could see a green draconian (catching breath), a vampire knight (fast,
invisible), a wind drake and a glowing orange brain (extremely poisoned, magic
disrupted).

Vanquished Creatures
  A dread lich (Vaults:4)
  An ancient lich (Vaults:4)
  A juggernaut (Depths:3)
  Josephina (Depths:1)
  Boris (Depths:2)
  Bai Suzhen (Swamp:4)
  Saint Roka (Elf:2)
  Geryon (Hell)
  Vashnia (Snake:4)
  Nikola (Vaults:1)
  2 golden dragons (Depths:2)
  A bone dragon (Depths:1)
  A doom hound (Depths:1)
  2 Tzitzimimeh (Depths:2)
  Mlioglotl (Snake:1)
  Zenata (Elf:2)
  A titan (Depths:3)
  A lich (Depths:3)
  2 deep elf master archers (Elf:3)
  2 tentacled monstrosities
  2 deep elf blademasters
  A walking divine tome (Depths:3)
  3 sphinxes
  Murray (Depths:1)
  5 tentacled starspawn (Abyss:3)
  A shadow dragon (Vaults:2)
  3 tengu reavers
  Agnes (D:15)
  Donald (Vaults:1)
  A fenstrider witch (Swamp:1)
  8 nagarajas (Snake:4)
  7 deep elf sorcerers
  6 fire giants
  4 frost giants
  An iron dragon (Depths:3)
  11 vault wardens
  A balrug (Depths:2)
  3 orc warlords
  6 deep elf elementalists
  Louise (Snake:1)
  26 slime creatures
  2 reapers (Hell)
  A curse skull (Vaults:2)
  3 spriggan defenders
  2 formless jellyfish
  13 very ugly things
  17 ironbound preservers
  6 stone giants
  7 ironbound thunderhulks
  6 deep elf demonologists
  A broodmother (shapeshifter) (D:15)
  3 vampire knights
  An eleionoma (Swamp:4)
  5 deep elf annihilators
  A lorocyproca (Depths:1)
  A putrid mouth (Depths:1)
  A minotaur (Gauntlet)
  11 dire elephants
  3 war gargoyles
  A white draconian (Depths:4)
  Azrael (Snake:1)
  A halazid warlock (Desolation)
  2 deep elf death magi (Elf:3)
  A spark wasp (Depths:2)
  9 ettins
  A yellow draconian (Abyss:3)
  3 blizzard demons
  A green death (Abyss:3)
  5 bunyips
  9 deep elf high priests
  8 ragged hierophants (Desolation)
  6 crystal guardians
  3 entropy weavers
  7 yaktaur captains
  3 fire dragons
  6 great orbs of eyes
  6 ice dragons
  4 rakshasas
  20 hydras
  3 salamander tyrants (Snake:4)
  6 vault guards
  2 ogre magi (D:15)
  13 peacekeepers
  The ghost of pokeman the Eclecticist, a journeyman DEHW of Vehumet (D:11)
  9 servants of whispers (Desolation)
  6 alligators
  3 spriggan air magi
  8 ironbound frosthearts
  20 centaur warriors
  4 ghost crabs
  Harold (D:9)
  5 boulder beetles
  2 catoblepae
  6 death knights
  11 anacondas
  6 two-headed ogres
  4 deep troll shamans
  11 naga warriors
  27 dancing weapons
  A demonic crawler (Abyss:2)
  17 naga sharpshooters
  4 tengu warriors
  4 deep troll earth magi
  An occultist (Depths:1)
  4 hell hogs
  8 spriggan berserkers
  7 sun demons
  2 vampire magi
  3 thrashing horrors (Abyss:3)
  6 soul eaters
  19 deep elf knights
  3 orc high priests (Orc:2)
  Nergalle (Lair:3)
  9 shock serpents
  6 hell knights (Depths:2)
  A wretched star (Abyss:3)
  3 iron trolls
  2 fire crabs
  2 salamander mystics
  5 skeletal warriors
  10 sea snakes
  39 deep trolls
  A mana viper (shapeshifter) (Depths:1)
  6 goliath frogs
  7 spriggan druids
  10 mana vipers
  3 naga ritualists
  A flayed ghost (Depths:2)
  13 arcanists
  7 bog bodies
  13 deep elf archers
  19 ironbound convokers
  A deep troll (shapeshifter) (Depths:4)
  7 lindwurms
  8 swamp dragons
  5 large abominations (Abyss:3)
  3 phantasmal warriors
  A necromancer (Swamp:1)
  9 orc knights
  A harpy (Vaults:4)
  7 orc sorcerers
  38 deep elf pyromancers
  31 deep elf zephyrmancers
  20 salamanders
  6 manticores
  44 ugly things
  3 will-o-the-wisps
  A wolf spider (Gauntlet)
  5 cyclopes
  A cyclops (shapeshifter) (D:11)
  9 elephants
  3 meliai (D:13)
  7 guardian serpents
  A worldbinder (Abyss:3)
  A black mamba (shapeshifter) (D:13)
  8 kobold blastminers
  26 black mambas
  19 naga magi
  2 rust devils
  2 torpor snails
  22 vault sentinels
  3 molten gargoyles
  5 gargoyles
  2 smoke demons
  7 orange demons
  A minotaur zombie (Gauntlet)
  An unseen horror (shapeshifter) (D:15)
  7 cane toads
  32 yaktaurs
  An unseen horror (D:12)
  A kobold demonologist (D:10)
  8 rime drakes
  3 freezing wraiths
  The ghost of brekkin the Insei, a novice OpSh (D:6)
  3 red devils (Lair:5)
  A spark wasp simulacrum (Depths:2)
  11 komodo dragons
  2 tengu conjurers (Depths:2)
  4 efreet
  5 tormentors
  A bloated husk (Swamp:1)
  An ancient zyme (Abyss:3)
  5 trolls
  2 polar bears (shapeshifter)
  2 polar bears (Lair:5)
  2 glass eyes
  5 hornets
  7 tyrant leeches
  A dream sheep (shapeshifter) (D:15)
  6 dream sheep
  46 saltlings (Desolation)
  A raiju (shapeshifter) (D:15)
  A raiju (Abyss:3)
  An iron dragon simulacrum (Depths:2)
  14 blink frogs
  A frost giant simulacrum (Depths:2)
  8 spriggans
  An air elemental (D:15)
  A jumping spider (Vaults:1)
  5 water elementals
  3 wraiths
  30 yaks
  8 wyverns
  15 fire bats
  7 basilisks
  Grum (D:9)
  5 wargs
  6 fire elementals
  5 steam dragons
  5 redbacks
  13 vampire mosquitoes
  A chaos spawn (Abyss:3)
  52 nagas
  16 swamp worms
  An acid dragon (D:14)
  19 water moccasins
  9 hell hounds
  A meliai simulacrum (D:15)
  A sky beast (D:8)
  2 laughing skulls (D:13)
  8 swamp drakes (Swamp:4)
  6 black bears
  23 orc warriors
  18 wolves
  10 centaurs
  10 ogres
  A boggart (Vaults:1)
  5 phantoms
  A kobold brigand (D:6)
  A gnoll sergeant (D:9)
  20 bullfrogs
  2 earth elementals (Elf:2)
  6 small abominations
  4 scorpions
  3 wights (D:8)
  5 killer bees (D:7)
  9 howler monkeys
  4 electric eels
  2 bombardier beetles (D:5)
  4 lava snakes (Lair:3)
  A centaur zombie (D:5)
  4 jellies
  4 hounds
  12 orc priests
  A sleepcap (D:6)
  4 iguanas
  Jessica (D:3)
  9 starcursed masses (Abyss:3)
  14 orc wizards
  10 hell rats
  11 adders
  10 gnolls
  2 ufetubi (D:6)
  An adder skeleton (D:5)
  An adder zombie (D:5)
  2 dart slugs
  2 ribbon worms (D:5)
  56 orcs
  3 ball pythons
  4 bats
  9 endoplasms
  4 giant cockroaches
  8 goblins
  5 hobgoblins
  2 jackals (D:2)
  2 quokkas
  5 frilled lizards
  9 kobolds
  4 rats
  A butterfly (Lair:4)
  A spectral weapon (Swamp:4)
  9 starspawn tentacles (Abyss:3)
1736 creatures vanquished.

Vanquished Creatures (collateral kills)
  A deep elf blademaster (Elf:2)
  A yellow draconian (Depths:4)
  A naga sharpshooter (Snake:4)
  A naga ritualist (Snake:2)
  A lindwurm (Vaults:1)
  An ugly thing (D:14)
  A freezing wraith (D:14)
  3 ogres (Bailey)
10 creatures vanquished.

Vanquished Creatures (others)
  A deep elf elementalist (Elf:3)
  A draconian stormcaller (Depths:4)
  An eleionoma (Swamp:1)
  A death knight (D:14)
  A naga sharpshooter (Snake:4)
  A spriggan druid (Swamp:4)
  A deep elf archer (Elf:2)
  2 ironbound convokers
  2 deep elf pyromancers
  A large abomination (Abyss:3)
  A gargoyle (D:15)
  A rime drake (D:15)
  A spark wasp simulacrum (Depths:2)
  A raiju (D:15)
  A water elemental (Elf:3)
  3 air elementals
  A basilisk (D:15)
  6 foxfires (Swamp:2)
  5 starspawn tentacles (Abyss:3)
32 creatures vanquished.

Grand Total: 1778 creatures vanquished

Notes
Turn   | Place    | Note
-------+----------+-------------------------------------------
     0 | D:1      | Pooter the Minotaur Berserker began the quest for the Orb.
     0 | D:1      | Reached XP level 1. HP: 19/19 MP: 0/0
   194 | D:1      | Reached XP level 2. HP: 27/27 MP: 1/1
   238 | D:1      | Found a faded altar of an unknown god.
   761 | D:2      | Reached XP level 3. HP: 32/33 MP: 2/2
   901 | D:2      | Reached skill level 5 in Axes
   995 | D:2      | Found a hazy altar of Hepliaklqana.
  1163 | D:2      | Reached ** piety under Trog
  1194 | D:2      | Reached XP level 4. HP: 38/41 MP: 3/3
  1566 | D:2      | Found a runed translucent door.
  1567 | D:2      | Noticed Crazy Yiuf
  1815 | D:3      | Found a broken altar of Ashenzari.
  1904 | D:3      | Noticed Jessica
  1915 | D:3      | Killed Jessica
  1960 | D:3      | Reached XP level 5. HP: 44/47 MP: 4/4
  1964 | D:3      | Reached skill level 5 in Fighting
  2896 | D:4      | Found Segon's Armour Boutique.
  2946 | D:4      | Found Moum's General Store.
  3010 | D:4      | Bought a scroll of revelation for 82 gold pieces
  3010 | D:4      | Bought a scroll of poison for 44 gold pieces
  3022 | D:4      | Found Saiguhuc's Magic Scroll Emporium.
  3058 | D:4      | Bought a scroll of identify for 24 gold pieces
  3059 | D:4      | Gained mutation: Your health recovers twice as slowly from
                  | being drained. [potion of mutation]
  3060 | D:4      | Lost mutation: Your health recovers twice as slowly from
                  | being drained. [potion of mutation]
  3060 | D:4      | Gained mutation: You have sharp toenails. [potion of
                  | mutation]
  3060 | D:4      | Gained mutation: You have a pair of large horns on your
                  | head. [potion of mutation]
  3060 | D:4      | Gained mutation: You passively dampen the noise of your
                  | surroundings. [potion of mutation]
  3060 | D:4      | Gained mutation: You expend magic power (3 MP) to
                  | strengthen your wands. [potion of mutation]
  3061 | D:4      | Lost mutation: You passively dampen the noise of your
                  | surroundings. [potion of mutation]
  3061 | D:4      | Lost mutation: You have a pair of large horns on your head.
                  | [potion of mutation]
  3061 | D:4      | Gained mutation: You are clumsy. (Dex -2) [potion of
                  | mutation]
  3061 | D:4      | Gained mutation: Your mind is acute. (Int +4, Str/Dex -1)
                  | [potion of mutation]
  3062 | D:4      | Lost mutation: You are clumsy. (Dex -2) [potion of
                  | mutation]
  3062 | D:4      | Lost mutation: You expend magic power (3 MP) to strengthen
                  | your wands. [potion of mutation]
  3062 | D:4      | Gained mutation: You are agile. (Dex +4, Str/Int -1)
                  | [potion of mutation]
  3179 | D:4      | Found Urchai's Assorted Antiques.
  3315 | D:4      | Reached XP level 6. HP: 56/56 MP: 5/5
  3413 | D:5      | Entered Level 5 of the Dungeon
  3499 | D:5      | Reached *** piety under Trog
  3815 | D:5      | Reached skill level 1 in Polearms
  3880 | D:5      | Reached XP level 7. HP: 55/63 MP: 6/6
  4655 | D:6      | Reached skill level 5 in Polearms
  4655 | D:6      | Reached XP level 8. HP: 73/73 MP: 7/7
  4755 | D:6      | Noticed Prince Ribbit
  4763 | D:6      | Prince Ribbit changed into Prince Ribbit the hornet
  4763 | D:6      | Noticed Prince Ribbit
  4764 | D:6      | Paralysed by Prince Ribbit for 1 turns
  4766 | D:6      | Killed Prince Ribbit the hornet
  4885 | D:6      | Found a runed translucent gate.
  4885 | D:6      | Found a runed translucent gate.
  4885 | D:6      | Found a runed translucent gate.
  4889 | D:6      | Noticed brekkin's ghost (novice OpSh)
  4892 | D:6      | Identified the +4 plate armour "Jeruv" {Int+3 Dex+2}
  5923 | D:6      | Killed brekkin's ghost
  6056 | D:7      | Reached XP level 9. HP: 81/81 MP: 8/8
  6236 | D:7      | Reached skill level 1 in Stealth
  6367 | D:7      | Noticed Maurice
  6370 | D:7      | Maurice changed into Maurice the gnoll
  6370 | D:7      | Noticed Maurice
  6374 | D:7      | Killed Maurice the gnoll
  6739 | D:4      | Bought a scroll labelled ECLERUEDIXT for 23 gold pieces
  6739 | D:4      | Bought a cyan potion for 20 gold pieces
  6739 | D:4      | Bought a scroll labelled ECLERUEDIXT for 23 gold pieces
  6781 | D:4      | Bought a scroll of identify for 24 gold pieces
  6781 | D:4      | Bought a scroll of identify for 24 gold pieces
  6781 | D:4      | Bought a scroll of identify for 24 gold pieces
  6936 | D:7      | Found a staircase to the Ecumenical Temple.
  7010 | D:8      | Reached skill level 10 in Axes
  7130 | D:8      | Noticed a boulder beetle
  7260 | D:8      | Noticed a boulder beetle
  7294 | D:8      | Noticed a cyclops
  7301 | D:7      | Killed a boulder beetle
  7304 | D:7      | Killed a boulder beetle
  7305 | D:7      | Reached XP level 10. HP: 91/91 MP: 9/9
  7370 | D:8      | Killed a cyclops
  7614 | D:8      | Noticed a centaur warrior
  7620 | D:8      | Killed a centaur warrior
  7621 | D:8      | Reached skill level 5 in Ranged Weapons
  7789 | D:8      | Reached skill level 10 in Fighting
  8256 | D:8      | Reached skill level 1 in Evocations
  8740 | D:4      | Bought a scroll of teleportation for 36 gold pieces
  8740 | D:4      | Bought a scroll of blinking for 90 gold pieces
  9255 | D:8      | Found a staircase to the Lair.
  9337 | D:9      | Found a flagged portal.
  9388 | Bailey   | Entered a bailey
  9817 | Bailey   | Reached XP level 11. HP: 101/101 MP: 10/10
  9848 | Bailey   | Identified the +6 fire dragon scales "Fif Joroov" {rF++ rC-
                  | Regen+ SInv}
 10110 | Bailey   | Noticed a two-headed ogre
 10152 | Bailey   | Killed a two-headed ogre
 10253 | D:9      | Noticed Harold
 10267 | D:9      | Killed Harold
 10986 | D:9      | Noticed a two-headed ogre
 10992 | D:9      | Noticed Grum
 10993 | D:9      | Killed a two-headed ogre
 11002 | D:9      | Killed Grum
 11049 | D:9      | Noticed a two-headed ogre
 11056 | D:9      | Killed a two-headed ogre
 11190 | D:10     | Entered Level 10 of the Dungeon
 11452 | D:10     | Identified a scroll of acquirement
 11452 | D:10     | Acquired a +2 executioner's axe of flaming
 11721 | D:10     | Noticed an arcanist
 11737 | D:10     | Killed an arcanist
 11829 | Lair:1   | Entered Level 1 of the Lair of Beasts
 11904 | Lair:1   | Found a gate leading to a gauntlet.
 11913 | Gauntlet | Entered a Gauntlet
 11913 | Gauntlet | Found a transporter.
 11915 | Gauntlet | Found a runed translucent door.
 11916 | Gauntlet | Found a transporter.
 11925 | Gauntlet | Noticed a hell hog
 11944 | Gauntlet | Killed a hell hog
 12078 | Gauntlet | Found a transporter.
 12078 | Gauntlet | Found a transporter.
 12080 | Gauntlet | Noticed an entropy weaver
 12083 | Gauntlet | Noticed a wolf spider
 12109 | Gauntlet | Killed a wolf spider
 12118 | Gauntlet | Killed an entropy weaver
 12288 | Gauntlet | Found a transporter.
 12290 | Gauntlet | Noticed a sixfirhy
 12290 | Gauntlet | Noticed a sixfirhy
 12292 | Gauntlet | Noticed a sixfirhy
 12313 | Gauntlet | Noticed a minotaur
 12315 | Gauntlet | Found the sphere of Battle
 12321 | Gauntlet | Killed a minotaur
 12322 | Gauntlet | Reached XP level 12. HP: 58/110 MP: 11/11
 12692 | Lair:1   | Reached skill level 10 in Ranged Weapons
 13210 | Lair:2   | Reached skill level 15 in Axes
 13235 | Lair:2   | You fall into a shaft and drop 2 floors!
 13309 | Lair:3   | Noticed Nergalle
 13319 | Lair:2   | Reached **** piety under Trog
 13436 | Lair:2   | Reached skill level 5 in Evocations
 13686 | Lair:2   | Found a staircase to the Swamp.
 13735 | Lair:2   | Found a dark tunnel.
 13745 | Volcano  | Entered a volcano
 13942 | Volcano  | Noticed a hell hog
 13946 | Volcano  | Killed a hell hog
 14104 | Lair:2   | Reached XP level 13. HP: 119/119 MP: 12/12
 14517 | Lair:3   | Killed Nergalle
 14727 | Lair:3   | Found a staircase to the Snake Pit.
 16363 | Lair:4   | Reached ***** piety under Trog
 16404 | Lair:4   | Found a staircase to the Slime Pits.
 17092 | Lair:5   | Entered Level 5 of the Lair of Beasts
 17641 | Lair:5   | Reached XP level 14. HP: 120/129 MP: 13/13
 18098 | Lair:5   | Found a burning altar of Makhleb.
 18278 | Lair:5   | Found a gateway to Hell.
 18746 | Lair:5   | Upgraded the game from 0.31-a0-1570-g93c622d222 to
                  | 0.31-a0-1576-ga3383bade6
 18998 | D:11     | Found a runed translucent gate.
 18998 | D:11     | Found a runed translucent gate.
 18998 | D:11     | Found an opulent altar of Gozag.
 18998 | D:11     | Found a runed translucent gate.
 18999 | D:11     | Noticed pokeman's ghost (journeyman DEHW)
 19011 | D:11     | Killed pokeman's ghost
 21154 | D:12     | Identified the +2 robe of Perfidy {Dex+4}
 21470 | D:12     | Found a staircase to the Orcish Mines.
 21684 | Orc:1    | Entered Level 1 of the Orcish Mines
 21684 | Orc:1    | Found Maledyhu's Weapon Emporium.
 21685 | Orc:1    | Found Ceuqerr's Distillery.
 21787 | Orc:1    | Found Haalopn's Weapon Shoppe.
 21904 | Orc:1    | Bought a potion of might for 60 gold pieces
 21904 | Orc:1    | Bought a potion of enlightenment for 75 gold pieces
 21916 | Orc:1    | Bought 2 boomerangs for 64 gold pieces
 22036 | Orc:1    | Reached skill level 1 in Throwing
 22321 | Orc:2    | Entered Level 2 of the Orcish Mines
 22660 | Orc:2    | Received a gift from Trog
 22777 | Orc:1    | Found Taojoeh's Armour Shoppe.
 22864 | Orc:2    | Noticed an orc warlord
 23042 | Orc:1    | Killed an orc warlord
 23104 | Orc:2    | Reached XP level 15. HP: 139/139 MP: 14/14
 23195 | Orc:2    | Noticed Urug
 23196 | Orc:2    | Urug changed into Urug the torpor snail
 23196 | Orc:2    | Noticed Urug
 23200 | Orc:2    | Killed Urug the torpor snail
 23262 | Orc:2    | Found a staircase to the Elven Halls.
 23785 | Orc:2    | Identified the +5 lajatang of Lucaf {flame, +Blink} (Trog
                  | gifted it to you on level 2 of the Orcish Mines)
 23785 | Orc:2    | Received a gift from Trog
 24732 | Orc:2    | Found Tuthra Aruu's Antique Weapon Emporium.
 24732 | Orc:2    | Found Todela Jeate's Jewellery Boutique.
 25110 | Orc:2    | Found Ujudeh's Book Emporium.
 25110 | Orc:2    | Found Rim Xina's Jewellery Boutique.
 25120 | Orc:2    | Bought an amulet of reflection for 330 gold pieces
 25120 | Orc:2    | Bought a ring of flight for 192 gold pieces
 26597 | D:13     | Found Tatwit's Assorted Antiques.
 26603 | D:13     | Bought a scroll of identify for 72 gold pieces
 26603 | D:13     | Bought a scroll of identify for 72 gold pieces
 26605 | D:13     | Reached skill level 5 in Dodging
 26605 | D:13     | Reached XP level 16. HP: 147/147 MP: 15/15
 26897 | D:13     | Reached skill level 15 in Fighting
 26914 | D:13     | Reached skill level 5 in Armour
 26936 | D:13     | Found a gate to the Vaults.
 27354 | D:14     | Reached skill level 5 in Stealth
 27357 | D:14     | Reached skill level 5 in Throwing
 28492 | D:15     | Entered Level 15 of the Dungeon
 28734 | D:15     | Noticed Agnes
 28766 | D:15     | Killed Agnes
 29279 | D:15     | Paralysed by an air elemental for 1 turns
 29284 | D:15     | Paralysed by an air elemental for 1 turns
 31825 | D:15     | Paralysed by an air elemental for 1 turns
 33720 | D:15     | Found a staircase to the Depths.
 33740 | D:15     | Reached XP level 17. HP: 132/156 MP: 16/16
 34550 | Orc:2    | Bought a ring of protection from fire for 275 gold pieces
 34824 | Snake:1  | Entered Level 1 of the Snake Pit
 35696 | Snake:1  | Identified the ring of Egroygh {EV+5 Str+3}
 36377 | Snake:1  | Noticed Azrael
 36386 | Snake:1  | Killed Azrael
 39806 | Snake:1  | Glimpsed the power of Zot.
 39851 | Snake:1  | Noticed Mlioglotl
 39854 | Snake:1  | Found Ihuref's Weapon Shoppe.
 39862 | Snake:1  | Killed Mlioglotl
 40122 | Snake:1  | Noticed Louise
 40248 | Snake:2  | Found a bloodstained altar of Trog.
 40332 | Snake:2  | Upgraded the game from 0.31-a0-1576-ga3383bade6 to
                  | 0.31-a0-1589-g8f5e8aebd6
 43065 | Snake:3  | Reached skill level 10 in Evocations
 44398 | Snake:3  | Found Butzym's Jewellery Boutique.
 44399 | Snake:3  | Found Asaev's Book Emporium.
 44401 | Snake:3  | Found Telyuh's Jewellery Boutique.
 44476 | Snake:3  | Bought a ring of poison resistance for 300 gold pieces
 44502 | Snake:4  | Entered Level 4 of the Snake Pit
 44873 | Snake:4  | Reached XP level 18. HP: 130/167 MP: 10/17
 45401 | Snake:4  | Noticed Vashnia
 45789 | Snake:4  | Killed Vashnia
 47900 | Snake:4  | Received a gift from Trog
 49275 | Snake:4  | Found Xitifir's Superior Scales.
 50326 | Snake:4  | Got a serpentine rune of Zot
 50506 | Snake:1  | Killed Louise
 50601 | Swamp:1  | Entered Level 1 of the Swamp
 51885 | Swamp:2  | Reached skill level 10 in Armour
 52935 | Swamp:4  | Entered Level 4 of the Swamp
 52965 | Swamp:4  | Noticed Bai Suzhen
 52999 | Swamp:4  | Killed Bai Suzhen
 53096 | Swamp:4  | Reached XP level 19. HP: 177/177 MP: 18/18
 53122 | Swamp:4  | Reached skill level 10 in Dodging
 55907 | Swamp:4  | Got a decaying rune of Zot
 56191 | Snake:3  | Bought a ring of protection from cold for 325 gold pieces
 56503 | Elf:1    | Entered Level 1 of the Elven Halls
 56512 | Elf:1    | Identified the +8 bardiche "Xuavumyo" {heavy, Dex+3} (Trog
                  | gifted it to you on level 1 of the Elven Halls)
 56512 | Elf:1    | Received a gift from Trog
 57131 | Elf:1    | Found a crumbling gateway.
 57155 | Desolati | Entered the Desolation of Salt
 57360 | Desolati | HP: 8/174 [crystal guardian (22)]
 58019 | Desolati | Found the +2 pair of slick slippers {slick, slippery, EV+4}
 58022 | Desolati | Identified the +0 scale mail "Hero's Friend" {rPois Str+5
                  | Stlth-}
 58026 | Desolati | Identified the +8 shortbow "Wux Ekat" {speed, rN++ Int-4
                  | Dex+6}
 58027 | Desolati | Identified the ring of Kudaprinuu {rC+ Str+3 Int+4}
 58033 | Desolati | Identified the +9 short sword of Destroying Doom {drain,
                  | rC+}
 58127 | Desolati | Found the +4 robe of Folly {Brill Will-∞ Int+8}
 58135 | Desolati | Identified the ring "Ypsuim" {Fly rC+ rN+ Stlth+}
 58216 | Desolati | Identified the +6 glaive "Afrin" {venom, rF+}
 58234 | Desolati | Reached skill level 10 in Throwing
 58514 | Desolati | Identified the +0 battleaxe of Luebes {heavy, Dex+3 Stlth+}
 58525 | Desolati | Received a gift from Trog
 58552 | Desolati | Found the +4 consecrated labrys {holy, Valiant ^Fragile Fly
                  | SInv}
 58567 | Desolati | Identified the +0 pair of gloves of Tulips {rF- rC-
                  | Will+++}
 58568 | Desolati | Identified the amulet "Sefu" {RegenMP Harm Int+2}
 59368 | Elf:2    | Found Jarewurest's CLEARANCE SALE!.
 59410 | Abyss:2  | Cast into level 2 of the Abyss (a deep elf demonologist)
 59485 | Abyss:2  | Found a corrupted altar of Lugonu.
 59580 | Abyss:3  | Reached skill level 15 in Ranged Weapons
 59648 | Abyss:3  | Reached XP level 20. HP: 187/187 MP: 6/19
 59753 | Abyss:3  | Noticed a dread lich
 59821 | Elf:2    | Escaped the Abyss
 59842 | Elf:2    | Identified the +1 chain mail of the Armoured One {Dex+5}
 59888 | Elf:2    | Found a huge runed translucent gate.
 59888 | Elf:2    | Found a huge runed translucent gate.
 59888 | Elf:2    | Found a huge runed translucent gate.
 59888 | Elf:2    | Found a huge runed translucent gate.
 59888 | Elf:2    | Found a huge runed translucent gate.
 60892 | Elf:3    | Entered Level 3 of the Elven Halls
 61000 | Elf:3    | Found a magical portal.
 61009 | WizLab   | Entered The Hall of the Hellbinder
 61045 | Elf:3    | Received a gift from Trog
 61091 | Elf:2    | Noticed Saint Roka
 61104 | Elf:2    | Killed Saint Roka
 61118 | Elf:2    | Found Kocwehiw's Armour Boutique.
 61249 | Elf:2    | Reached skill level 10 in Stealth
 61326 | Elf:2    | Noticed Zenata
 61339 | Elf:2    | Killed Zenata
 62042 | Elf:3    | Found Kebew's Weapon Shop.
 62139 | Elf:3    | Reached XP level 21. HP: 195/195 MP: 14/20
 62845 | Elf:3    | Identified the +3 battleaxe of Discomfort {heavy, *Corrode
                  | rPois Will+ Int+5}
 66164 | Elf:3    | Reached XP level 22. HP: 110/204 MP: 7/21
 66969 | Elf:3    | Identified the +4 arbalest "Relikh" {freeze, Str+3 Int+4}
 67051 | Elf:3    | Identified the +6 orcbow of Durable True Grit {flame, rElec
                  | rN+ Int+3 Dex-5}
 67326 | Vaults:1 | Entered Level 1 of the Vaults
 67799 | Vaults:1 | Identified the +3 kite shield of the Wary Leylines {rN++
                  | Will+}
 67799 | Vaults:1 | Noticed Donald
 67811 | Vaults:1 | Killed Donald
 68775 | Vaults:1 | Noticed Nikola
 68815 | Vaults:1 | Killed Nikola
 69386 | Vaults:1 | Upgraded the game from 0.31-a0-1589-g8f5e8aebd6 to
                  | 0.31-a0-1591-g515db51633
 69497 | Vaults:2 | Found Hiolyven's Distillery.
 69503 | Vaults:2 | Bought a potion of haste for 230 gold pieces
 69895 | Orc:1    | Bought a potion of heal wounds for 75 gold pieces
 69895 | Orc:1    | Bought a potion of heal wounds for 75 gold pieces
 69895 | Orc:1    | Bought a potion of heal wounds for 75 gold pieces
 70057 | D:4      | Bought a scroll of blinking for 90 gold pieces
 71479 | Vaults:2 | Found a staircase to the Crypt.
 74084 | Vaults:3 | Reached XP level 23. HP: 216/216 MP: 22/22
 74290 | Vaults:3 | Identified the +0 glaive "Toothy Murmur" {antimagic, rC+}
                  | (Trog gifted it to you on level 3 of the Vaults)
 74290 | Vaults:3 | Received a gift from Trog
 74394 | Vaults:3 | Found Pelioj's Book Shoppe.
 75044 | Vaults:3 | You are sucked into a shaft and drop 1 floor!
 75192 | Vaults:4 | Noticed an ancient lich
 75206 | Vaults:4 | Killed an ancient lich
 75348 | Vaults:4 | Reached skill level 15 in Dodging
 75923 | Vaults:4 | Received a gift from Trog
 76418 | Vaults:3 | Identified the ring "Ajoexzaf" {+Blink Will+ Int-3 Dex+8
                  | Stlth-}
 76965 | Vaults:4 | Noticed a dread lich
 76975 | Vaults:4 | Killed a dread lich
 77700 | Depths:1 | Entered Level 1 of the Depths
 77943 | Depths:1 | Received a gift from Trog
 78329 | Depths:1 | Found Xug Siystoi's Assorted Antiques.
 78329 | Depths:1 | Found Zifyos's Magic Scroll Shop.
 78333 | Depths:1 | Found Myawi's Assorted Antiques.
 78336 | Depths:1 | Found Mabaem's Jewellery Boutique.
 78421 | Depths:1 | Bought a scroll of blinking for 135 gold pieces
 78421 | Depths:1 | Bought a scroll of revelation for 135 gold pieces
 78576 | Depths:1 | Found Woles's Armour Emporium.
 78949 | Hell     | Entered the Vestibule of Hell
 78949 | Hell     | Noticed Geryon
 78962 | Hell     | Killed Geryon
 79206 | Hell     | Noticed Murray
 79214 | Depths:1 | Killed Murray
 79807 | Depths:1 | HP: 8/215 [bone dragon[a doom hound] (18)]
 79968 | Depths:2 | Identified the ring "Qeessus" {Ice rN+ Will- Dex+3}
 79968 | Depths:2 | Noticed Josephina
 80002 | Depths:2 | Noticed Boris
 80410 | Depths:2 | Found a one-way gate leading to the halls of Pandemonium.
 80609 | Depths:2 | Reached XP level 24. HP: 231/231 MP: 11/22
 81231 | Depths:2 | Killed Boris
 81683 | Depths:1 | Killed Josephina
 84085 | Depths:3 | Found a corrupted altar of Lugonu.
 84086 | Depths:3 | Found a one-way gate to the infinite horrors of the Abyss.
 84553 | Depths:3 | Found a glowing golden altar of the Shining One.
 84720 | Depths:3 | Found a one-way gateway to a ziggurat.
 85122 | Depths:3 | Noticed a juggernaut
 85139 | Depths:3 | Killed a juggernaut
 85554 | Depths:4 | Entered Level 4 of the Depths
 85883 | Depths:4 | Succumbed to a green draconian's poison gas

Illustrated notes

Levels and vault maps discovered:
D:1:      dpeg_arrival_tiny_k, layout_loops_ring,
          shapermc_ecumenical_altar_mp_highgroup, minivault_27, st_stairs_8
D:2:      layout_basic, basic_altar, skrybe_limestone_x,
          chequers_serial_rivers_room_b, uniq_crazy_yiuf_cottage
D:3:      layout_loops_ring, mainiacjoe_overflow_cross_hatched, uniq_jessica
D:4:      layout_rooms, serial_shops, shop, nicolae_shop_waterfront,
          nicolae_lakefront_shop, nicolae_shop_tiny_glass
D:5:      layout_loops_ring, serial_undead, serial_undead_e, serial_undead_d,
          serial_undead_a, serial_undead_d, minivault_14
D:6:      layout_loops_ring, biasface_ghost_orc_armoury, serial_bayou_pond_d,
          uniq_prince_ribbit1
D:7:      layout_rooms, minmay_temple_entry_enclosed_plants,
          chequers_serial_rivers_room_a, chequers_serial_rivers_micro_e,
          uniq_maurice
D:8:      nzn_winding_woodlands_small [nzn_winding_woodlands_5x15_crooked,
          nzn_winding_woodlands_center_triple_pond,
          nzn_winding_woodlands_5x15_sawtooth], layout_cave_pools,
          erik_lair_dragon, hangedman_decor_clover_reticule
D:9:      layout_long_grid, enter_bailey_2, chequers_serial_rivers_marsh,
          amcnicky_mini_rare_corridor_liquid, uniq_grum, uniq_harold
D:10:     layout_basic
D:11:     cheibrodos_tormentor_scu, layout_loops_ring, ebering_ghost_gozag
D:12:     layout_cave_pools, david_orc_3, serial_column_ruins, column_ruins_hut,
          column_ruins_grid_3, column_ruins_corridor_straight,
          column_ruins_open_tiny, column_ruins_grid_1, column_ruins_open_medium
D:13:     layout_loops_ring, david_vaults_4, serial_shops, shop,
          hangedman_abyss_or_decor_clamps, kennysheep_generic_room_11
D:14:     layout_loops_ring, minmay_misc_feat_x, kennysheep_opposing_triangles
D:15:     hangedman_crystal_crosses_colossus [crystal_crosses_arms_four,
          crystal_crosses_arms_one, crystal_crosses_arms_one], uniq_agnes
Lair:1:   layout_chaotic_city, gauntlet_entry_generic, beast_lair_carwin_7
Lair:2:   layout_misc_corridors, skrybe_swamp_entry_bodies,
          nicolae_volcano_entry_batcave, serial_bayou_pond_b,
          beast_lair_carwin_6, infiniplex_staircase_pool_2
Lair:3:   nzn_motion_control, layout_loops_ring,
          nicolae_snake_entry_warm_welcome, lemuel_fruit_fields, uniq_nergalle
Lair:4:   layout_layer_cave, slime_entry_1, amcnicky_mini_pool_medium,
          grunt_megastairs_1, lemuel_fruit_tree, lemuel_fruit_fields,
          serial_bayou_shore_b, infiniplex_staircase_pool
Lair:5:   evil_forest, layout_cave_pods, guppyfry_lair_drakes
Swamp:1:  nicolae_swamp_standing_stones, layout_basic_swamp,
          evilmike_swamp_ruin_house_3
Swamp:2:  layout_basic_swamp, nicolae_swamp_big_swirl
Swamp:3:  layout_falls_marsh, serial_swamp_ruin, evilmike_swamp_ruin_house_4,
          evilmike_swamp_ruin_rubble_1, evilmike_swamp_ruin_house_5
Swamp:4:  swamp, layout_basic_swamp, uniq_bai_suzhen
Snake:1:  layout_rooms, serial_shops, nicolae_shop_crystal, grunt_megastairs_4,
          serial_bayou_shore_b, uniq_azrael, uniq_louise, uniq_mlioglotl
Snake:2:  layout_layer_cave, basic_altar, serial_bayou_shore_b,
          serial_bayou_shore_a, serial_bayou_shore_b
Snake:3:  layout_onion, nicolae_integral_box, minmay_shop_grove
Snake:4:  grunt_snake_rune_pools, layout_cave_shapes, hellmonk_scale_shop,
          uniq_vashnia
Orc:1:    layout_diamond_mine, serial_shops, shop, nicolae_shop_statue_plus,
          shop, shop, einodemon_barbed_minivault
Orc:2:    grunt_orc_tribal_feast, layout_caves, uniq_urug
Elf:1:    eino_elf_arrival_customs, layout_rooms,
          portal_desolation_entry_twin_temple, minmay_elf_sorcery
Elf:2:    elven_hall_of_blades_hangedman_alternative
          [nicolae_blade_entry_diamond_columns], layout_geoelf_octagon,
          serial_shops, shop, nicolae_shop_clearance, uniq_saint_roka,
          uniq_zenata
Elf:3:    minmay_elf_hall_not_hex, layout_loops_corners, mu_enter_wizlab_5,
          serial_sigils, serial_sigils_hangedman_scar,
          serial_sigils_hangedman_writhe, serial_sigils_hangedman_snap,
          serial_sigils_hangedman_gnaw, serial_shops, shop_statue,
          minmay_misc_feat_alley, feat_on_display
Vaults:1: nicolae_vaults_little_squares_2, v_misc_10,
          ontoclasm_vaults_misaligned, nicolae_vaults_trapezoid_lopsided_3,
          nicolae_vaults_storage_closets_2, grunt_vaults_funnel,
          grunt_vaults_hallway_short, nicolae_vaults_heist, v_misc_22,
          vaults_room_hallway, vaults_room_pools, layout_vaults_omnigrid,
          uniq_donald, uniq_nikola
Vaults:2: nicolae_vaults_twisting_passages, ontoclasm_vaults_spin,
          vaults_dpeg_encased_lava, nicolae_vaults_shrinking_rooms_1,
          minmay_crypt_entry_simple_box, nicolae_vaults_storage_room_statues,
          v_misc_18, v_misc_26, vaults_dpeg_emergency_exit, v_misc_32,
          vaults_mumra_lcd, nicolae_vaults_little_squares_6,
          layout_vaults_omnicross, serial_shops, nicolae_shop_industrial_runoff
Vaults:3: nicolae_vaults_sesquioval_fish, v_pattern_4, ontoclasm_vaults_eye,
          grunt_vaults_hallway_short, nicolae_vaults_turnstiles,
          vaults_mumra_bighexcomb, nicolae_vaults_little_squares_6,
          nicolae_vaults_surprise_closet, hangedman_vaults_trim,
          vaults_room_pool, nicolae_vaults_tetromino_Z_2, v_misc_14,
          nicolae_vaults_house_1, layout_vaults_ring, serial_shops,
          nicolae_shop_crystal
Vaults:4: nicolae_vaults_stepped_doors, nicolae_vaults_quadrants,
          hangedman_vaults_corner, v_misc_26, nicolae_vaults_tetromino_L_1,
          v_misc_33, nicolae_vaults_closet_pinwheel_1, vaults_room_door_hall,
          nicolae_vaults_circle_grid_a, nicolae_vaults_apartment_2,
          layout_vaults_big_room
Depths:1: layout_small_grid, hangedman_abyss_or_decor_jellyfish_corner,
          hangedman_geh_valley, serial_shops, shop,
          beargit_hepliaklqana_dungeon_heroes, minmay_shoptagon
Depths:2: minmay_textured_paths, layout_basic, hellmouth_1,
          minmay_misc_feat_doors, grunt_pan_entry_sceptre, uniq_josephina,
          uniq_boris
Depths:3: evilmike_horseshoe, layout_basic, enter_ziggurat_f, hell_entry,
          abyss_entry_flame_altar, nicolae_tso_swordbearing_angel
Depths:4: grunt_zot_entry_gee_three, layout_cave_shapes,
          hangedman_tar_grid_catacomb
Hell

Skill      XL: |  1  2  3  4  5  6  7  8  9 10 11 12 13 14 15 16 17 18 19 20 21 22 23 24 |
---------------+-------------------------------------------------------------------------+-----
Axes           | 4 5 6 7 8 9 11 12 14 15 17 19 20 21 22 23 | 23.4
Fighting       | 4 5 6 7 8 9 10 11 12 13 14 15 16 17 18 20 22 23 | 23.1
Polearms       | 2 5 7 9 |  9.3
Stealth        | 2 4 5 7 8 9 10 11 13 14 | 14.8
Ranged Weapons | 3 7 9 11 13 14 15 16 18 | 18.0
Evocations     | 2 4 5 7 8 9 10 | 10.8
Throwing       | 2 4 5 7 9 10 11 | 11.5
Armour         | 3 4 6 8 10 11 12 13 14 | 14.8
Dodging        | 3 5 6 8 9 11 12 14 16 17 | 17.9

Action                     |  1- 3 |  4- 6 |  7- 9 | 10-12 | 13-15 | 16-18 | 19-21 | 22-24 || total
---------------------------+-------+-------+-------+-------+-------+-------+-------+-------++-------
  Melee: Hand axe          |    54 |   113 |    15 |       |       |       |       |       ||   182
         Headbutt          |     9 |    23 |    22 |    43 |   104 |   185 |   189 |   408 ||   983
         Kick              |       |     8 |    14 |       |       |       |       |       ||    22
         Trident           |       |    19 |   108 |       |       |     5 |       |       ||   132
         Falchion          |       |       |    10 |       |       |       |       |       ||    10
         War axe           |       |       |     7 |   108 |       |       |       |       ||   115
         Punch             |       |       |     1 |     1 |       |       |       |       ||     2
         Executioner's axe |       |       |       |   176 |   389 |   646 |    82 |   104 ||  1397
         Battleaxe         |       |       |       |       |       |       |   623 |  1123 ||  1746
   Fire: Shortbow          |       |       |    10 |     2 |       |       |       |       ||    12
         Orcbow            |       |       |       |    49 |       |       |       |       ||    49
         Arbalest          |       |       |       |    47 |   329 |   778 |   333 |   324 ||  1811
  Throw: Stone             |       |     8 |     1 |       |       |       |       |       ||     9
         Dart              |       |       |     2 |     5 |     8 |       |       |       ||    15
         Boomerang         |       |       |       |       |       |    23 |     7 |     5 ||    35
 Invoke: Berserk           |     1 |     4 |     8 |    11 |     7 |    14 |    10 |    12 ||    67
         Trog's Hand       |       |     1 |     5 |    15 |    15 |    35 |    43 |    38 ||   152
         Brothers in Arms  |       |       |       |       |       |       |       |     5 ||     5
Ability: Evoke Invisibilit |       |       |       |       |       |       |       |     2 ||     2
  Evoke: Wand              |       |     1 |     3 |     6 |     3 |    18 |     9 |     4 ||    44
         Phantom mirror    |       |       |       |       |       |     1 |       |       ||     1
    Use: Scroll            |     3 |     2 |     8 |    20 |     8 |    10 |     7 |     6 ||    64
         Potion            |       |     4 |       |     1 |     5 |    10 |    11 |     6 ||    37
   Stab: Sleeping          |       |     1 |       |     1 |     1 |     1 |     3 |    35 ||    42
         Distracted        |       |       |       |       |     1 |     1 |     4 |     4 ||    10
         Invisible         |       |       |       |       |       |     4 |       |     7 ||    11
         Betrayed ally     |       |       |       |       |       |     1 |     1 |       ||     2
 Armour: Animal skin       |    24 |    17 |       |       |       |       |       |       ||    41
         Robe              |       |    32 |       |       |       |       |       |       ||    32
         Chain mail        |       |    12 |    60 |       |       |   216 |       |       ||   288
         Plate armour      |       |       |    46 |   100 |       |   172 |       |       ||   318
         Fire dragon scale |       |       |       |   363 |   479 |   365 |   627 |   782 ||  2616
  Dodge: Dodged            |    37 |    83 |    60 |   216 |   240 |   432 |   467 |   994 ||  2529
         Repelled          |       |       |       |       |       |       |       |     8 ||     8
  Block: Other             |       |       |       |       |       |   144 |   131 |   198 ||   473
         Reflection        |       |       |       |       |       |    19 |    20 |    14 ||    53

Table legend: (Time is in decaauts)
 A = Elapsed time spent in this place.
 B = Non-inter-level travel time spent in this place.
 C = Inter-level travel time spent in this place.
 D = Time resting spent in this place.
 E = Time spent auto-exploring this place.
 F = Levels seen in this place.
 G = Mean time per level.
                   A        B        C        D        E       F      G
               +--------+--------+--------+--------+--------+-----+--------+
         Total |  86835 |  82145 |   4690 |  41549 |  25802 |  49 | 1772.1 |
       Dungeon |  24761 |  22181 |   2580 |  11464 |   7744 |  15 | 1650.7 |
          Lair |   6611 |   6041 |    570 |   1442 |   2939 |   5 | 1322.2 |
         Swamp |   5687 |   5480 |    207 |   2737 |   2031 |   4 | 1421.8 |
     Snake Pit |  16007 |  15638 |    369 |  11003 |   2813 |   4 | 4001.8 |
  Orcish Mines |   3768 |   3474 |    294 |   2229 |    669 |   2 | 1884.0 |
   Elven Halls |   8696 |   8515 |    181 |   4290 |   2281 |   3 | 2898.7 |
        Vaults |   9475 |   9150 |    325 |   2795 |   4072 |   4 | 2368.8 |
        Depths |   8023 |   7862 |    161 |   3928 |   2533 |   4 | 2005.8 |
          Hell |     93 |     93 |      0 |      0 |      0 |   1 |   93.0 |
         Abyss |    387 |    387 |      0 |     83 |     10 |   2 |  193.5 |
        Bailey |    848 |    848 |      0 |    587 |      1 |   1 |  848.0 |
       Volcano |    324 |    324 |      0 |     55 |     96 |   1 |  324.0 |
        Wizlab |      7 |      7 |      0 |      0 |      0 |   1 |    7.0 |
    Desolation |   1658 |   1658 |      0 |    602 |    610 |   1 | 1658.0 |
      Gauntlet |    483 |    483 |      0 |    329 |      1 |   1 |  483.0 |
               +--------+--------+--------+--------+--------+-----+--------+

Top non-repeatable levels by time:
 Snake:1: 5467 daAuts
 Snake:4: 5380 daAuts
    D:15: 5198 daAuts
   Elf:3: 5142 daAuts
Depths:2: 3309 daAuts
Vaults:2: 3079 daAuts
 Snake:3: 2894 daAuts
   Orc:2: 2672 daAuts
 Swamp:4: 2614 daAuts
    D:13: 2527 daAuts
Depths:1: 2494 daAuts
   Elf:2: 2302 daAuts
 Snake:2: 2264 daAuts
Vaults:1: 2253 daAuts
     D:8: 2224 daAuts
